 Dungeon Crawl Stone Soup version 0.20-a0-1122-gb7cbeb9 (webtiles) character file.

614893 Gorglomux the Pyromancer (level 26, -1/232 HPs)
             Began as a Grey Draconian Fire Elementalist on May 13, 2017.
             Was the Champion of Vehumet.
             Slain by a death cob (22 damage)
             ... on level 5 of the Realm of Zot.
             The game lasted 04:07:38 (82955 turns).

Gorglomux the Pyromancer (DrFE)                    Turns: 82955, Time: 04:07:39

Health: -1/232     AC: 26    Str:  9    XL:     26   Next: 87%
Magic:  14/53      EV: 20    Int: 32    God:    Vehumet [******]
Gold:   803        SH:  7    Dex: 13    Spells: 4/59 levels left

rFire    + + .     SeeInvis +   b - staff of energy {@w1@w1+MP, hungerless spells, !d!a}
rCold    . . .     Gourm    .   U - +2 buckler {rN+}
rNeg     + + .     Faith    .   (armour unavailable)
rPois    +         Spirit   .   (helmet restricted)
rElec    .         Reflect  .   T - +2 cloak
rCorr    .         Harm     .   t - +2 pair of gloves
MR       ++++.     Clarity  +   X - +2 pair of boots {Fly}
Stlth    ++++......             x - amulet of the Four Winds {rN+ MR+++ Clar}
Regen    0.5/turn               B - ring of poison resistance {rPois, !d}
MPRegen  0.4/turn               p - ring "Lavoorch" {rF++ MP+9 Int+2}

@: flying, slowed, invisible, very slow
A: walk through water, unfitting armour, see invisible, agile 1, clever 1,
deterioration 1, weak 1, wild magic 1, unbreathing, cold-blooded, AC +17
}: 3/15 runes: decaying, slimy, gossamer
a: Renounce Religion, Stop Flying


You were on level 5 of the Realm of Zot.
You worshipped Vehumet.
Vehumet was exalted by your worship.
You were very full.

You visited 10 branches of the dungeon, and saw 51 of its levels.
You also visited: Desolation.

You collected 5715 gold pieces.
You spent 4912 gold pieces at shops.

Inventory:

Hand Weapons
 a - the +4 broad axe of Big Damage {chop, rN+ Int+3}
   (You took it off a spriggan on level 3 of the Lair of Beasts)

   It inflicts extra damage upon your enemies.
   It affects your intelligence (+3).
   It protects you from negative energy.
 V - a +0 broad axe
   (You took it off a draconian knight on level 3 of the Realm of Zot)
Missiles
 H - 4 throwing nets {=f, !d}
Armour
 t - a +2 pair of gloves (worn)
   (You found it on level 3 of the Dungeon)
 T - a +2 cloak (worn)
   (You took it off Maurice on level 8 of the Dungeon)
 U - a +2 buckler of positive energy (worn)
   (You took it off a tengu reaver on level 1 of the Vaults)
 X - a +2 pair of boots of flying (worn)
   (You found it on level 5 of the Pits of Slime)
Magical Staves
 b - an uncursed staff of energy (weapon) {@w1@w1+MP, hungerless spells, !d!a}
   (You acquired it on level 3 of the Swamp)
 c - an uncursed staff of wizardry {wiz+, !a}
   (You acquired it on level 12 of the Dungeon)
 Q - an uncursed staff of conjuration {!a}
   (You found it on level 5 of the Pits of Slime)
Jewellery
 i - the ring of Ruzihyeg {rF+ MR+}
   (You found it on level 5 of the Pits of Slime)

   [ring of protection from fire]

   It protects you from fire.
   It affects your resistance to hostile enchantments.
 p - the ring "Lavoorch" (right hand) {rF++ MP+9 Int+2}
   (You bought it in a shop on level 5 of the Dungeon)

   [ring of magical power]

   It affects your intelligence (+2).
   It greatly protects you from fire.
   It affects your magic capacity (+9).
 q - an uncursed ring of protection from cold {rC+, !d}
   (You took it off an orc on level 10 of the Dungeon)
 x - the amulet of the Four Winds (around neck) {rN+ MR+++ Clar}
   (You bought it in a shop on level 5 of the Dungeon)

   [amulet of nothing]

   It protects you from negative energy.
   It affects your resistance to hostile enchantments.
   It protects you against confusion.
 B - a ring of poison resistance (left hand) {rPois, !d}
   (You found it on level 5 of the Dungeon)
 G - an uncursed ring of resist corrosion
   (You found it on level 2 of the Depths)
Wands
 D - a wand of digging (6/24)
   (You found it on level 5 of the Dungeon)
 N - a wand of iceblast (2/15)
   (You took it off an orc warrior on level 4 of the Vaults)
 S - a wand of scattershot (0/9)
   (You found it on level 3 of the Depths)
Scrolls
 d - 6 scrolls of identify
 g - 2 scrolls of magic mapping {!r}
 h - 12 scrolls of remove curse
 j - 3 scrolls of blinking {!r}
 m - a scroll of holy word {!r}
 s - 9 scrolls of teleportation
 v - 3 scrolls of recharging
 F - 3 scrolls of fear
 I - 5 scrolls of amnesia
 M - 7 scrolls of immolation {!r}
 O - 6 scrolls of fog
 R - a scroll of summoning
Potions
 e - 5 potions of cancellation
 l - 4 potions of mutation {!q}
 r - 15 potions of curing
 u - 6 potions of brilliance
 w - 2 potions of agility
 A - 4 potions of berserk rage {!q}
 E - 3 potions of resistance
 J - 4 potions of ambrosia
 K - a potion of invisibility
 L - 7 potions of haste
 P - 7 potions of heal wounds
 W - 8 potions of might
Miscellaneous
 o - a phial of floods
   (You found it on level 2 of the Depths)
 z - a phantom mirror
 C - a fan of gales
   (You found it on level 5 of the Pits of Slime)
 Y - a sack of spiders
Comestibles
 f - 10 meat rations {@e2@e2}
 n - 43 fruits
 y - 30 bread rations {@e1@e1}


   Skills:
 * Level 17.8 Fighting
 + Level 11.4 Axes
 + Level 12.9 Dodging
 - Level 8.5 Stealth
 - Level 5.7 Shields
 - Level 17.3 Spellcasting
 - Level 23.0 Conjurations
 * Level 11.8 Summonings
 + Level 4.0 Necromancy
 - Level 24.2 Fire Magic
 - Level 6.0 Earth Magic
 - Level 5.1 Evocations


You had 4 spell levels left.
You knew the following spells:

 Your Spells              Type           Power        Failure   Level  Hunger
a - Flame Tongue          Conj/Fire      #####        1%          1    None
b - Irradiate             Conj/Tmut      #######...   1%          5    None
c - Ignition              Fire           ########..   1%          8    None
d - Orb of Destruction    Conj           ########..   1%          7    None
e - Iron Shot             Conj/Erth      ########..   1%          6    None
f - Fireball              Conj/Fire      ########..   1%          5    None
g - Bolt of Fire          Conj/Fire      ########..   1%          6    None
h - Fire Storm            Conj/Fire      ########..   3%          9    None
i - Shadow Creatures      Summ           N/A          3%          6    None
m - Sublimation of Blood  Necr           ######....   1%          2    None


Dungeon Overview and Level Annotations

Branches:
Dungeon (15/15)            Temple (1/1) D:4            Lair (6/6) D:10
  Swamp (4/4) Lair:4       Spider (4/4) Lair:4        Slime (5/5) Lair:5
    Orc (2/2) D:9             Elf (0/3) Orc:2        Vaults (4/5) D:14
  Crypt (0/3) Vaults:2     Depths (5/5) D:15            Zot (5/5) Depths:5

Altars:
Ashenzari
Cheibriados
Dithmenos
Elyvilon
Fedhas
Gozag
Hepliaklqana
Kikubaaqudgha
Makhleb
Nemelex Xobeh
Okawaru
Qazlal
Ru
Sif Muna
Trog
Uskayaw
Vehumet
Wu Jian
Xom
Yredelemnul
Zin
The Shining One
Beogh
Jiyva

Shops:
D:5 =   D:11 :   D:12 *   D:14 *   Orc:2 }?(?   Vaults:1 **[::   Vaults:2 :
Depths:3 }==

Portals:
Hell: Depths:1 Depths:2 Depths:3 Depths:4 Depths:5
Abyss: Depths:3 Depths:4 Depths:5
Pandemonium: Depths:3
Ziggurat: Depths:5
Trove: D:10 (give 11 potions of heal wounds)


Innate Abilities, Weirdness & Mutations

You can walk through water.
Your dull iron-grey scales are very hard. (AC +17)
You cannot fit into any form of body armour.
You can survive without breathing.
You are cold-blooded and may be slowed by cold attacks.
You have supernaturally acute eyesight. (SInv)
You are agile. (Dex +2)
Your mind is acute. (Int +2)
Your body sometimes deteriorates upon taking damage.
You are weak. (Str -2)
Your spells are a little harder to cast, but a little more powerful.


Message History

You feel your power returning.
You now have 23/53 mp.
You start resting.
An Orb Guardian comes into view.
You can't see any susceptible monsters within range! (Use Z to cast anyway.) Unknown command.
Aim: an Orb Guardian (moderately wounded)
The iron shot hits the Orb Guardian.
An orb of fire comes into view.
You now have 19/53 mp.
Aim: an Orb Guardian (heavily wounded)
The iron shot hits the Orb Guardian.
You kill the Orb Guardian!
Vehumet accepts your kill.
You feel your power returning.
A Killer Klown comes into view.
You now have 16/53 mp.
Unknown command.
Aim: an orb of fire The Killer Klown shouts!
You now have 10/53 mp.
Aim: an orb of fire The orb of fire glows bright magenta.
The bolt of fire hits you! You resist.
The orb of destruction hits the orb of fire.
The orb of fire glows deep purple.
The fireball explodes!
The fireball engulfs you! You resist.
You hear a chilling moan.
You take 32 damage, and have 199/231 hp.
You now have 3/53 mp.
The orb of destruction hits the orb of fire.
The orb of fire glows deep purple.
The bolt of fire hits you! You resist.
You take 8 damage, and have 191/231 hp.
Unknown command.
Okay, then.
Magic courses through your body.
You regained 27 mp, and now have 30/53 mp.
Unknown command.
Aim: an orb of fire (severely damaged)
The Killer Klown squeezes you! The Killer Klown shocks you!!
A death cob comes into view.
You take 43 damage, and have 149/231 hp.
You now have 23/53 mp.
Aim: an orb of fire (severely damaged)
The iron shot misses the orb of fire.
The orb of destruction hits the orb of fire.
You blow up the orb of fire!
Vehumet accepts your kill.
You feel your power returning.
Your Necromancy skill increases to level 4!
The Killer Klown prods you but does no damage.
The Killer Klown barely misses you.
You regained 8 mp, and now have 31/53 mp.
Aim: a Killer Klown The wavering orb of destruction weakly hits the Killer Klown.
The Killer Klown closely misses you.
You now have 25/53 mp.
Aim: a Killer Klown (lightly wounded)
The wavering orb of destruction weakly hits the Killer Klown.
The Killer Klown elbows you! The Killer Klown shocks you!!
The death cob completely misses you.
You take 29 damage, and have 122/232 hp.
You now have 18/53 mp.
Unknown command.
Aim: a Killer Klown (heavily wounded)
The iron shot misses the Killer Klown.
The death cob hits you! The death cob drains your vigour!
You feel yourself slow down. The death cob hits you!!
The death cob drains your vigour!
You feel as though you will be slow longer.
The Killer Klown pounds you! The Killer Klown freezes you!!!
You feel as though you will be slow longer.
* * * LOW HITPOINT WARNING * * *
The death cob closely misses you. The Killer Klown misses you.
An Orb Guardian comes into view.
You take 92 damage, and have 30/232 hp.
MASSIVE DAMAGE!!
You now have 12/53 mp.
Really read
j - 4 scrolls of blinking {!r}?
Your blink will be uncontrolled - continue anyway?
The Orb prevents control of your translocation!
You blink.
As you read the scroll of blinking {!r}, it crumbles to dust.
The Killer Klown skips for a moment.
The Killer Klown blinks!
The death cob barely misses you.
You feel much better. The death cob completely misses you. x2
The death cob hits you!!
* * * LOW HITPOINT WARNING * * *
The death cob drains your vigour!
You feel as though you will be slow longer.
The death cob hits you!
* * * LOW HITPOINT WARNING * * *
The death cob drains your vigour!
You feel as though you will be slow longer.
You take 11 damage, and have 20/232 hp.
Unknown command.
You fade into invisibility!
The death cob hits you!!
You die...

▓▓......................▓▓
▓........................▓ *****
▓...(....................▓**,,.,
*▓.......................▓*,v.v,
*▓......................▓....v,
▓▓..............X.......v..vv,
▓▓......................▓.§...,
▓▓.........p...z.........▓*,X..,
▓..............@.........▓**,,.,
▓........................# *****
▓▓.......^..............##
▓▓...................▓##
▓▓...............▓▓▓▓
▓▓[...)##▓▓▓▓▓#▓▓▓▓▓#
##..)...........%.†..###
##............)...##....##
##...........)).....###...######


You could see a Killer Klown, a death cob and an Orb Guardian.

Vanquished Creatures
  the Royal Jelly (Slime:5)
  3 orbs of fire (Zot:5)
  2 juggernauts (Depths:4)
  2 ancient liches (Zot:5)
  Boris (twice) (Vaults:4 Depths:5)
  Sojobo (Vaults:2)
  Saint Roka (Orc:2)
  Bai Suzhen (Swamp:4)
  3 caustic shrikes (Depths:4)
  A curse toe (Zot:5)
  Margery (Vaults:3)
  7 golden dragons
  3 Killer Klowns
  3 bone dragons
  Nikola (Spider:2)
  Jory (Vaults:2)
  An electric golem (Zot:5)
  7 liches
  Jorgrun (Swamp:3)
  11 tentacled monstrosities
  13 Orb Guardians (Zot:5)
  Asterion (Vaults:2)
  A titan (Depths:4)
  The ghost of PeterMcNeter the Martial Artist, an adept DsGl of Okawaru (Spider:1)
  28 acid blobs
  A quicksilver dragon (Depths:4)
  Frances (Spider:2)
  10 death cobs
  5 sphinxes
  Kirke (D:12)
  An ancient champion (Depths:4)
  3 thorn hunters
  8 shadow dragons
  5 tengu reavers
  11 storm dragons
  10 azure jellies
  Donald (Spider:3)
  4 draconian scorchers
  4 deep elf sorcerers
  3 draconian monks (Zot:5)
  6 draconian knights
  10 frost giants
  10 fire giants
  9 vault wardens
  2 imperial myrmidons (Desolation)
  An iron dragon (Depths:4)
  7 ghost moths
  7 draconian stormcallers
  Louise (Swamp:4)
  4 draconian shifters
  Aizul (Swamp:1)
  5 emperor scorpions
  3 draconian annihilators
  12 very ugly things
  21 stone giants
  A spriggan defender (Depths:3)
  14 ironheart preservers
  A war gargoyle (Vaults:4)
  6 deep elf demonologists
  Nessos (Lair:6)
  6 green draconians
  3 entropy weavers
  3 halazid warlocks (Desolation)
  14 purple draconians
  Azrael (Orc:2)
  4 vampire knights (Depths:4)
  6 black draconians
  3 deep elf annihilators
  18 red draconians
  9 white draconians
  4 spark wasps
  9 yellow draconians
  4 crystal guardians
  7 death oozes (Slime:5)
  2 deep elf death magi
  9 fire dragons
  18 ettins
  A green death (Depths:3)
  A merfolk impaler (Depths:4)
  3 jiangshi (Depths:5)
  Josephine (D:13)
  14 yaktaur captains
  The ghost of anfisbena the Severer, a journeyman HOBe of Trog (D:8)
  9 ice dragons
  4 ragged hierophants (Desolation)
  4 peacekeepers (Desolation)
  31 hydras
  6 rakshasas
  7 vault guards
  A deep elf high priest (Depths:4)
  A hell beast (Depths:4)
  7 spriggan air magi
  16 great orbs of eyes
  12 servants of whispers (Desolation)
  2 ghost crabs
  Harold (Lair:1)
  A quicksilver dragon skeleton (Depths:1)
  25 ogre magi
  32 two-headed ogres
  11 centaur warriors
  6 tengu warriors
  A queen ant (Lair:3)
  13 deep troll shamans
  15 alligators
  3 death yaks (Lair:6)
  3 vampire magi
  6 deep troll earth magi
  Urug (D:14)
  2 spriggan berserkers
  A titan zombie (Depths:1)
  A sun demon (Depths:3)
  Nergalle (D:10)
  5 deep elf knights
  24 hell knights
  5 iron trolls (Depths:4)
  3 spriggan druids
  A flayed ghost (Vaults:1)
  A shadow wraith (Vaults:4)
  A skeletal warrior (D:14)
  A sixfirhy (Depths:3)
  A swamp dragon (shapeshifter) (Depths:4)
  20 deep trolls
  13 wizards
  11 swamp dragons
  An orange crystal statue (Depths:4)
  A torturous demonspawn (Depths:3)
  11 unseen horrors
  12 deep elf archers
  7 glowing orange brains
  2 shambling mangroves (Swamp:4)
  12 orc knights
  7 lindwurms
  18 ironbrand convokers
  A human zombie (Vaults:3)
  13 orc sorcerers
  8 orb spiders
  8 necromancers
  24 ugly things
  An oklob plant (Lair:1)
  17 moths of wrath
  5 cyclopes
  13 deep elf magi
  6 shining eyes
  The ghost of Gorglomux the Conjurer, a novice DrFE of Vehumet (D:6)
  27 wolf spiders
  A cyclops (shapeshifter) (Depths:5)
  83 slime creatures
  A salamander (shapeshifter) (Depths:2)
  6 vault sentinels
  An ice statue (D:15)
  14 elephants
  A stone giant zombie (Depths:1)
  7 black mambas
  Maurice (D:8)
  4 guardian serpents (Desolation)
  A frost giant skeleton (Vaults:3)
  2 eyes of devastation (Slime:5)
  A gargoyle (D:13)
  3 torpor snails
  A molten gargoyle (Desolation)
  An orange demon (Depths:3)
  A spiny frog (shapeshifter) (Vaults:1)
  A kobold demonologist (D:12)
  29 spiny frogs
  4 freezing wraiths
  16 demonic crawlers
  10 rime drakes
  12 komodo dragons
  2 tengu conjurers
  57 yaktaurs
  6 trolls
  27 jumping spiders
  4 tyrant leeches
  3 meliai (D:15)
  A tengu simulacrum (Depths:1)
  11 polar bears
  A tyrant leech (shapeshifter) (Vaults:1)
  23 hornets
  4 raiju (Lair:6)
  6 dream sheep
  15 blink frogs
  Prince Ribbit (Lair:1)
  9 bog bodies
  49 saltlings (Desolation)
  14 hippogriffs
  4 flying skulls (D:13)
  8 shadows
  25 tarantellas
  10 water elementals
  A vampire (D:15)
  56 redbacks
  8 wyverns
  A ynoxinul (Depths:3)
  18 spriggans
  2 wraiths
  8 basilisks
  2 fire elementals (Orc:2)
  A neqoxec (Depths:3)
  43 yaks
  Grum (D:11)
  4 hogs
  25 vampire mosquitoes
  A basilisk (shapeshifter) (Depths:3)
  3 hungry ghosts
  Edmund (D:6)
  6 golden eyes
  A steam dragon (D:10)
  11 wargs
  20 insubstantial wisps
  A naga (shapeshifter) (Vaults:2)
  7 soldier ants
  28 swamp worms
  The ghost of Hook the Magician, an amateur OpCj (D:4)
  2 acid dragons (Vaults:1)
  12 water moccasins
  14 hell hounds
  Duvessa (D:6)
  2 floating eyes
  4 sky beasts
  5 swamp drakes
  10 porcupines
  11 black bears (Lair:6)
  An ice beast (D:11)
  44 orc warriors
  4 eyes of draining
  2 phantoms
  20 centaurs
  2 spriggan simulacra
  4 boggarts (Depths:1)
  33 ogres
  24 crocodiles
  45 wolves
  Blork the orc (D:6)
  3 big kobolds
  A wyvern zombie (D:13)
  21 bullfrogs
  Dowan (D:6)
  A water moccasin zombie (D:8)
  5 wyvern skeletons
  5 scorpions
  58 killer bees
  A human simulacrum (Vaults:3)
  12 wights
  9 howler monkeys
  7 electric eels
  6 crimson imps
  6 bullfrog zombies
  12 centaur zombies
  3 quasits (Depths:3)
  A yaktaur simulacrum (Vaults:1)
  8 hounds
  7 jellies
  56 orc wizards
  8 bullfrog skeletons
  23 orc priests
  18 centaur skeletons
  2 gnoll shamans
  4 iron imps
  11 iguanas
  30 worker ants
  2 hound skeletons
  9 adders
  9 gnolls
  2 shadow imps
  An adder zombie (D:5)
  An adder skeleton (D:5)
  11 worms
  2 dart slugs
  11 leopard geckos
  118 orcs
  4 giant cockroaches
  4 goblins
  7 hobgoblins
  10 jackals
  3 quokkas
  11 bats
  11 frilled lizards
  21 kobolds
  A leopard gecko skeleton (D:5)
  A leopard gecko zombie (D:9)
  A quokka skeleton (D:4)
  3 rats
  2 briar patches (Swamp:2)
  A fire vortex (Vaults:2)
  6 fungi
  8 plants
2483 creatures vanquished.

Vanquished Creatures (collateral kills)
  5 Orb Guardians (Zot:5)
  An acid blob (Slime:5)
  2 draconian monks (Zot:5)
  A ghost moth (Zot:5)
  A draconian scorcher (Zot:2)
  2 black draconians (Zot:5)
  A vampire knight (Depths:2)
  2 green draconians
  A yellow draconian (Zot:5)
  2 red draconians (Zot:5)
  A centaur warrior (Vaults:1)
  A yaktaur (Depths:3)
  2 water elementals (Depths:4)
  A golden eye (shapeshifter) (Depths:2)
  An orc (Vaults:4)
24 creatures vanquished.

Vanquished Creatures (others)
  A wolf spider (Spider:2)
  2 moths of wrath (Zot:5)
  A human (D:13)
  A swamp worm (Swamp:4)
  An orc wizard (Orc:2)
  An orc (Orc:2)
  134 fire vortices
  32 fungi
  15 pillars of salt (Vaults:1)
  48 plants
236 creatures vanquished.

Grand Total: 2743 creatures vanquished

Notes
Turn   | Place    | Note
-------+----------+-------------------------------------------
     0 | D:1      | Gorglomux the Draconian Fire Elementalist began the quest for the Orb.
     0 | D:1      | Reached XP level 1. HP: 14/14 MP: 3/3
    92 | D:1      | HP: 2/14 [leopard gecko (4)]
   135 | D:1      | Reached XP level 2. HP: 6/20 MP: 0/5
   599 | D:1      | Reached skill level 2 in Conjurations
   746 | D:1      | Reached XP level 3. HP: 20/26 MP: 3/6
   751 | D:1      | Learned a level 3 spell: Conjure Flame
  1621 | D:2      | Found a shimmering altar of Xom.
  1998 | D:2      | Reached skill level 3 in Conjurations
  1998 | D:2      | Reached XP level 4. HP: 20/33 MP: 1/7
  2636 | D:3      | Reached XP level 5. HP: 13/38 MP: 1/9
  2637 | D:3      | Reached skill level 4 in Fire Magic
  3025 | D:3      | Learned a level 4 spell: Sticky Flame
  3574 | D:4      | Noticed Hook's ghost (amateur OpCj)
  3676 | D:3      | Reached skill level 3 in Spellcasting
  3676 | D:3      | Reached skill level 4 in Conjurations
  3867 | D:3      | Reached XP level 6. HP: 45/45 MP: 0/10
  4021 | D:4      | Found a staircase to the Ecumenical Temple.
  4057 | D:5      | Entered Level 5 of the Dungeon
  4100 | Temple   | Entered the Ecumenical Temple
  4109 | Temple   | Became a worshipper of Vehumet
  4210 | D:4      | Found a blossoming altar of Fedhas.
  4349 | D:4      | Killed Hook's ghost
  4349 | D:4      | Reached skill level 5 in Conjurations
  4557 | D:5      | Your scales start taking on a dull iron-grey colour.
  4557 | D:5      | Reached XP level 7. HP: 50/50 MP: 3/12
  4557 | D:5      | Gained mutation: You can survive without breathing. [Grey Draconian growth]
  4699 | D:5      | Found Ruadot's Jewellery Boutique.
  4706 | D:5      | Reached skill level 5 in Fire Magic
  4826 | D:5      | Reached skill level 4 in Spellcasting
  5156 | D:5      | Learned a level 5 spell: Fireball
  5493 | D:5      | Reached skill level 6 in Conjurations
  5667 | D:6      | Noticed Duvessa
  5667 | D:6      | Noticed Dowan
  5676 | D:6      | Killed Duvessa
  5677 | D:6      | Killed Dowan
  5677 | D:6      | Reached XP level 8. HP: 49/57 MP: 5/14
  5726 | D:6      | Found a basalt altar of Yredelemnul.
  5768 | D:6      | Noticed Edmund
  5777 | D:6      | Killed Edmund
  5777 | D:6      | Reached skill level 7 in Conjurations
  5860 | D:6      | Noticed Gorglomux's ghost (novice DrFE)
  5876 | D:6      | Killed Gorglomux's ghost
  5876 | D:6      | Reached skill level 5 in Spellcasting
  5876 | D:6      | Reached skill level 8 in Conjurations
  5876 | D:6      | Reached skill level 6 in Fire Magic
  5950 | D:6      | Noticed Blork the orc
  5959 | D:6      | Killed Blork the orc
  5972 | D:6      | Found a sacrificial altar of Ru.
  6141 | D:6      | Reached XP level 9. HP: 55/62 MP: 9/17
  6334 | D:7      | Found a hide-covered altar of Uskayaw.
  6353 | D:7      | Reached skill level 7 in Fire Magic
  6354 | D:7      | Reached * piety under Vehumet
  6354 | D:7      | Offered knowledge of Freeze by Vehumet.
  6394 | D:7      | Reached skill level 9 in Conjurations
  6421 | D:7      | Reached skill level 6 in Spellcasting
  7080 | D:8      | Noticed anfisbena's ghost (journeyman HOBe)
  7124 | D:8      | Killed anfisbena's ghost
  7124 | D:8      | Reached skill level 10 in Conjurations
  7124 | D:8      | Reached skill level 8 in Fire Magic
  7224 | D:8      | Noticed Maurice
  7227 | D:8      | Reached XP level 10. HP: 69/69 MP: 4/20
  7231 | D:8      | Killed Maurice
  7326 | D:8      | Noticed a two-headed ogre
  7335 | D:8      | Killed a two-headed ogre
  7335 | D:8      | Reached skill level 7 in Spellcasting
  7888 | D:9      | Offered knowledge of Sting by Vehumet.
  7901 | D:9      | Found a sacrificial altar of Ru.
  7919 | D:9      | Reached ** piety under Vehumet
  8208 | D:9      | Found a hazy altar of Hepliaklqana.
  8394 | D:9      | Found a glowing golden altar of the Shining One.
  8597 | D:9      | Reached skill level 11 in Conjurations
  8688 | D:9      | Found a staircase to the Orcish Mines.
  8919 | D:9      | Noticed a two-headed ogre
  8935 | D:9      | Killed a two-headed ogre
  9091 | D:9      | Reached skill level 9 in Fire Magic
  9145 | D:10     | Entered Level 10 of the Dungeon
  9159 | D:10     | Noticed Nergalle
  9168 | D:10     | Killed Nergalle
  9458 | D:10     | Offered knowledge of Mephitic Cloud by Vehumet.
  9640 | D:10     | Reached skill level 8 in Spellcasting
  9640 | D:10     | Reached XP level 11. HP: 71/74 MP: 13/23
  9691 | D:10     | Reached *** piety under Vehumet
  9749 | D:10     | Offered knowledge of Olgreb's Toxic Radiance by Vehumet.
  9847 | D:10     | Reached skill level 12 in Conjurations
  9993 | D:10     | Found a staircase to the Lair.
 10244 | D:10     | Reached **** piety under Vehumet
 10335 | D:10     | Offered knowledge of Force Lance by Vehumet.
 10405 | D:10     | Found a portal to a secret trove of treasure.
 11126 | D:11     | Noticed a seven-headed hydra
 11347 | D:11     | Noticed a four-headed hydra
 11348 | D:11     | Noticed Grum
 11353 | D:11     | Killed a four-headed hydra
 11353 | D:11     | Reached skill level 10 in Fire Magic
 11354 | D:11     | Killed Grum
 11732 | D:11     | Killed a seven-headed hydra
 11732 | D:11     | Reached skill level 13 in Conjurations
 11810 | D:11     | Reached skill level 9 in Spellcasting
 11843 | D:11     | Found Laikhlin's Book Boutique.
 12456 | Lair:1   | Entered Level 1 of the Lair of Beasts
 12679 | Lair:1   | Reached ***** piety under Vehumet
 12877 | Lair:1   | Offered knowledge of Irradiate by Vehumet.
 13112 | Lair:1   | Reached XP level 12. HP: 48/81 MP: 15/25
 13744 | Lair:1   | Noticed Prince Ribbit
 13759 | Lair:1   | Killed Prince Ribbit
 13805 | Lair:1   | Learned a level 5 spell: Irradiate
 14021 | Lair:1   | Noticed Harold
 14029 | Lair:1   | Killed Harold
 14341 | Lair:1   | Reached skill level 14 in Conjurations
 14485 | Lair:2   | Reached skill level 11 in Fire Magic
 15062 | D:11     | Bought a book of Power for 675 gold pieces
 15367 | Lair:2   | Reached skill level 10 in Spellcasting
 15861 | Lair:3   | Learned a level 7 spell: Orb of Destruction
 15868 | Lair:3   | Learned a level 6 spell: Iron Shot
 15899 | Lair:3   | Reached skill level 1 in Earth Magic
 15923 | Lair:3   | Angani: I love draconians
 15924 | Lair:3   | Gorglomux: i splat draconians
 15924 | Lair:3   | Angani: Grey was the one I won on too
 15951 | Lair:3   | Gorglomux: c'mon
 15987 | Lair:3   | Reached skill level 2 in Earth Magic
 16011 | Lair:3   | HP: 20/81 [poisoned by a killer bee]
 16016 | Lair:3   | HP: 11/81 [poisoned by a killer bee]
 16023 | Lair:3   | HP: 10/81 [poisoned by a killer bee]
 16031 | Lair:3   | HP: 10/81 [poisoned by a killer bee]
 16049 | Lair:3   | HP: 7/81 [killer bee (7)]
 16382 | Lair:3   | Angani: what spells you got?
 16383 | Lair:3   | Angani: aye
 16383 | Lair:3   | Angani: I reallllly like Irradiate ^^
 16383 | Lair:3   | Gorglomux: yeah me as well
 16383 | Lair:3   | Gorglomux: as i didnt have the book of power and veh gift me at 3% fail rate i said fuck it
 16405 | Lair:3   | Offered knowledge of Fulminant Prism by Vehumet.
 16405 | Lair:3   | Reached skill level 3 in Earth Magic
 16421 | Lair:3   | Angani: ooh, prism
 16423 | Lair:3   | Noticed a queen ant
 16443 | Lair:3   | HP: 20/81 [queen ant (14)]
 16444 | Lair:3   | Killed a queen ant
 16485 | Lair:3   | Gorglomux: god
 16485 | Lair:3   | Gorglomux: stop
 16485 | Lair:3   | Angani: that was pretty nasty
 16621 | Lair:3   | Gorglomux: no entropy weaver though, got pretty lucky
 16757 | Lair:3   | Angani: yet
 16851 | Lair:3   | Angani: what's with that chunk inscription? O_o
 16852 | Lair:3   | Gorglomux: dunno XD
 16852 | Lair:3   | Reached XP level 13. HP: 83/86 MP: 20/27
 16857 | Lair:3   | Reached skill level 4 in Earth Magic
 16861 | Lair:3   | Angani: -draws random symbols in meat-
 17047 | Lair:3   | Gorglomux: kapow
 17176 | Lair:3   | Angani: have you gotten to use ignition?
 17196 | Lair:3   | Gorglomux: YES
 17196 | Lair:3   | Gorglomux: <3
 17307 | Lair:3   | Gorglomux: i did slime and v5 twice on a caster, and everytime i got ignition (except one were i got shatter for v5
 17307 | Lair:3   | Gorglomux: ooo
 17307 | Lair:3   | Gorglomux: o
 17307 | Lair:3   | Gorglomux: ops wrong tab
 17318 | Lair:3   | Angani: oooo
 17324 | Lair:3   | Angani: OOooOOO
 17326 | Lair:3   | Reached skill level 5 in Earth Magic
 17512 | Lair:3   | Gorglomux: wtf is that vault
 17512 | Lair:3   | Gorglomux: 46 bees wtf
 17643 | Lair:3   | Reached skill level 15 in Conjurations
 17672 | Lair:3   | Angani: be back in a bit
 17746 | Lair:3   | Angani: computer restart
 17755 | Lair:3   | Got a crystal broad axe {chop}
 17756 | Lair:3   | Identified the +4 broad axe of Big Damage {chop, rN+ Int+3} (You took it off a spriggan on level 3 of the Lair of Beasts)
 17933 | Lair:3   | Reached skill level 6 in Earth Magic
 18058 | Lair:4   | Found a hole to the Spider Nest.
 18142 | Lair:4   | Offered knowledge of Bolt of Draining by Vehumet.
 18291 | Lair:4   | Reached skill level 11 in Spellcasting
 18437 | Lair:4   | Reached skill level 1 in Fighting
 18437 | Lair:4   | Reached skill level 1 in Axes
 18437 | Lair:4   | Reached skill level 2 in Dodging
 18644 | Lair:4   | Reached skill level 2 in Fighting
 18699 | Lair:4   | Reached skill level 2 in Axes
 18731 | Lair:4   | HP: 9/93 [spiny frog (18)]
 18914 | Lair:4   | Reached skill level 3 in Dodging
 18934 | Lair:4   | Reached skill level 3 in Fighting
 19089 | Lair:4   | Found a staircase to the Swamp.
 19571 | Lair:4   | Reached skill level 3 in Axes
 19931 | Lair:5   | Reached skill level 4 in Dodging
 19965 | Lair:5   | You fall through a shaft!
 19965 | Lair:6   | Entered Level 6 of the Lair of Beasts
 19990 | Lair:6   | Reached skill level 4 in Fighting
 19991 | Lair:6   | Noticed Nessos
 20000 | Lair:5   | Reached XP level 14. HP: 85/104 MP: 2/29
 20201 | Lair:5   | Found a staircase to the Slime Pits.
 20204 | Lair:5   | Found a viscous altar of Jiyva.
 21136 | Lair:6   | Offered knowledge of Bolt of Fire by Vehumet.
 21174 | Lair:6   | Reached skill level 4 in Axes
 21271 | Lair:6   | Reached skill level 5 in Fighting
 21409 | Lair:6   | Killed Nessos
 21409 | Lair:6   | HP: 24/107 [elephant (8)]
 21513 | Lair:5   | Reached skill level 5 in Dodging
 22093 | Lair:6   | Gorglomux: not the lair in review vault...
 22348 | Lair:6   | Reached skill level 5 in Axes
 22979 | Lair:6   | Reached skill level 12 in Spellcasting
 22999 | Lair:6   | Learned a level 6 spell: Bolt of Fire
 23118 | Lair:5   | Reached skill level 6 in Fighting
 23587 | Lair:6   | Reached skill level 6 in Dodging
 23592 | Lair:6   | Reached skill level 1 in Shields
 23779 | Lair:6   | Reached skill level 2 in Shields
 23794 | Lair:6   | Reached skill level 3 in Shields
 24278 | Lair:6   | Reached skill level 4 in Shields
 24283 | Lair:6   | Reached skill level 7 in Fighting
 24636 | Lair:6   | Reached XP level 15. HP: 118/118 MP: 5/31
 24733 | Lair:6   | Reached skill level 5 in Shields
 24831 | Lair:6   | Offered knowledge of Bolt of Cold by Vehumet.
 25126 | Lair:5   | Reached skill level 7 in Dodging
 25281 | D:11     | Reached ****** piety under Vehumet
 25449 | D:5      | Bought the ring "Lavoorch" {rF++ MP+9 Int+2} for 681 gold pieces
 25941 | D:12     | Found Teuhiov's Assorted Antiques.
 25958 | D:12     | Bought a scroll labeled NIAF CA HETID for 29 gold pieces
 25958 | D:12     | Bought a scroll of identify for 58 gold pieces
 25958 | D:12     | Bought a scroll of fog for 58 gold pieces
 26145 | D:12     | Found an ornate altar of the Wu Jian Council.
 26481 | D:13     | Noticed Kirke
 26483 | D:13     | Reached skill level 8 in Fighting
 26496 | D:12     | Killed Kirke
 26842 | D:13     | Noticed Josephine
 26850 | D:13     | Killed Josephine
 27062 | D:13     | Offered knowledge of Poison Arrow by Vehumet.
 27527 | D:14     | Reached skill level 9 in Fighting
 27786 | D:14     | Found an iron altar of Okawaru.
 27817 | D:14     | Reached skill level 13 in Spellcasting
 27844 | D:14     | Found Xyarche's Assorted Antiques.
 27852 | D:14     | Bought a scroll of identify for 58 gold pieces
 27852 | D:14     | Bought a scroll labeled IRUIX GENTOI for 29 gold pieces
 27881 | D:14     | Reached skill level 8 in Dodging
 28125 | D:14     | Found a gate to the Vaults.
 28430 | D:14     | Noticed Urug
 28434 | D:14     | Killed Urug
 28585 | D:15     | Entered Level 15 of the Dungeon
 28717 | D:15     | Offered knowledge of Ozocubu's Refrigeration by Vehumet.
 28981 | D:15     | Reached XP level 16. HP: 74/134 MP: 4/33
 29120 | D:15     | Reached skill level 10 in Fighting
 29304 | D:15     | Found a staircase to the Depths.
 29489 | D:15     | Found a white marble altar of Elyvilon.
 30056 | Orc:1    | Entered Level 1 of the Orcish Mines
 30272 | Orc:2    | Entered Level 2 of the Orcish Mines
 30362 | Orc:2    | Reached skill level 9 in Dodging
 30772 | Orc:2    | Reached skill level 14 in Spellcasting
 30777 | Orc:2    | Noticed Saint Roka
 30893 | Orc:2    | Killed Saint Roka
 31243 | Orc:2    | Paralysed by an orc sorcerer for 2 turns
 31403 | Orc:2    | Offered knowledge of Lehudib's Crystal Spear by Vehumet.
 31403 | Orc:2    | Offered knowledge of Fire Storm by Vehumet.
 31403 | Orc:2    | Offered knowledge of Tornado by Vehumet.
 31452 | Orc:2    | Found Offo's Magic Scroll Shoppe.
 31464 | Orc:2    | Paralysed by an orc sorcerer for 6 turns
 31502 | Orc:2    | Found Ammefroiq's Antique Weapon Emporium.
 31543 | Orc:2    | Found an ancient bone altar of Kikubaaqudgha.
 31557 | Orc:2    | Noticed Azrael
 31565 | Orc:2    | Killed Azrael
 31763 | Orc:2    | Found a radiant altar of Vehumet.
 31786 | Orc:2    | Found a roughly hewn altar of Beogh.
 31794 | Orc:2    | Found Dothiffe's Magic Scroll Emporium.
 31799 | Orc:2    | Found Reseint's Gadget Shoppe.
 31913 | Orc:2    | Reached skill level 16 in Conjurations
 32031 | Orc:2    | Found a staircase to the Elven Halls.
 32175 | Orc:2    | Bought a bloodstained lajatang for 540 gold pieces
 32175 | Orc:2    | Identified the cursed +1 lajatang of Cyhayck {speed, rN+} (You bought it in a shop on level 2 of the Orcish Mines)
 32386 | D:5      | Bought the amulet of the Four Winds {rN+ MR+++ Clar} for 614 gold pieces
 32605 | Swamp:1  | Entered Level 1 of the Swamp
 32688 | Swamp:1  | Noticed Aizul
 32761 | Swamp:1  | Killed Aizul
 32761 | Swamp:1  | Reached skill level 12 in Fire Magic
 35106 | Swamp:2  | Reached skill level 15 in Spellcasting
 35112 | Swamp:2  | Reached XP level 17. HP: 92/141 MP: 22/36
 35682 | Swamp:2  | HP: 31/141 [alligator (16)]
 36186 | Swamp:3  | Learned a level 9 spell: Fire Storm
 36267 | Swamp:3  | Found a blossoming altar of Fedhas.
 36395 | Swamp:3  | Noticed Jorgrun
 36405 | Swamp:3  | Killed Jorgrun
 36405 | Swamp:3  | Reached skill level 13 in Fire Magic
 37510 | Swamp:4  | Entered Level 4 of the Swamp
 38059 | Swamp:4  | Noticed Louise
 38062 | Swamp:4  | Killed Louise
 38171 | Swamp:4  | Reached skill level 14 in Fire Magic
 38461 | Swamp:4  | Noticed Bai Suzhen
 38469 | Swamp:4  | Killed Bai Suzhen
 39309 | Swamp:4  | Got a decaying rune of Zot
 39332 | Swamp:4  | Noticed Mara
 39343 | Swamp:4  | Gained mutation: You are dopey. (Int -2) [mutagenic glow]
 39388 | Swamp:4  | Gained mutation: You are frail. (-10% HP) [mutagenic glow]
 39428 | Swamp:4  | Lost mutation: You are dopey. (Int -2) [potion of mutation]
 39428 | Swamp:4  | Lost mutation: You are frail. (-10% HP) [potion of mutation]
 39428 | Swamp:4  | Gained mutation: You are clumsy. (Dex -2) [potion of mutation]
 39428 | Swamp:4  | Gained mutation: Your large and strong wings let you fly indefinitely. [potion of mutation]
 39428 | Swamp:4  | Gained mutation: Your system is resistant to poisons. (rPois) [potion of mutation]
 39434 | Swamp:4  | Gained mutation: You do not regenerate when monsters are visible. [mutagenic glow]
 39635 | Swamp:4  | Lost mutation: Your system is resistant to poisons. (rPois) [potion of mutation]
 39635 | Swamp:4  | Lost mutation: Your large and strong wings let you fly indefinitely. [potion of mutation]
 39635 | Swamp:4  | Lost mutation: You are clumsy. (Dex -2) [potion of mutation]
 39635 | Swamp:4  | Gained mutation: Scrolls take you a little longer to read. [potion of mutation]
 39635 | Swamp:4  | Gained mutation: You can translocate small distances at will. [potion of mutation]
 39636 | Swamp:4  | Lost mutation: Scrolls take you a little longer to read. [potion of mutation]
 39636 | Swamp:4  | Lost mutation: You can translocate small distances at will. [potion of mutation]
 39636 | Swamp:4  | Gained mutation: You have supernaturally acute eyesight. (SInv) [potion of mutation]
 39636 | Swamp:4  | Gained mutation: You have sharp toenails. [potion of mutation]
 39636 | Swamp:4  | Gained mutation: You are dopey. (Int -2) [potion of mutation]
 39636 | Swamp:4  | Gained mutation: Your flesh is heat resistant. (rF+) [potion of mutation]
 39637 | Swamp:4  | Lost mutation: You have sharp toenails. [potion of mutation]
 39637 | Swamp:4  | Lost mutation: You are dopey. (Int -2) [potion of mutation]
 39637 | Swamp:4  | Lost mutation: You do not regenerate when monsters are visible. [potion of mutation]
 39637 | Swamp:4  | Gained mutation: Your magical capacity is low. (-10% MP) [potion of mutation]
 39637 | Swamp:4  | Gained mutation: Your magical capacity is very low. (-20% MP) [potion of mutation]
 39637 | Swamp:4  | Gained mutation: You are robust. (+10% HP) [potion of mutation]
 39638 | Swamp:4  | Lost mutation: Your magical capacity is very low. (-20% MP) [potion of mutation]
 39638 | Swamp:4  | Lost mutation: Your flesh is heat resistant. (rF+) [potion of mutation]
 39638 | Swamp:4  | Lost mutation: You are robust. (+10% HP) [potion of mutation]
 39638 | Swamp:4  | Lost mutation: Your magical capacity is low. (-10% MP) [potion of mutation]
 39638 | Swamp:4  | Gained mutation: Your spells are a little harder to cast, but a little more powerful. [potion of mutation]
 39638 | Swamp:4  | Gained mutation: Your mind is acute. (Int +2) [potion of mutation]
 39734 | Swamp:4  | Noticed Gorglomux's illusion
 39980 | Swamp:4  | Reached skill level 17 in Conjurations
 40030 | Swamp:4  | HP: 22/141 [shambling mangrove (25)]
 40452 | Spider:1 | Entered Level 1 of the Spider Nest
 40454 | Spider:1 | Reached skill level 15 in Fire Magic
 40629 | Spider:1 | Noticed PeterMcNeter's ghost (adept DsGl)
 40802 | Spider:1 | HP: 25/141 [PeterMcNeter's ghost (13)]
 41141 | Spider:1 | Killed PeterMcNeter's ghost
 41391 | Spider:1 | Reached XP level 18. HP: 122/149 MP: 13/37
 42594 | Spider:2 | Noticed Nikola
 42602 | Spider:2 | Killed Nikola
 42923 | Spider:2 | Noticed Frances
 42927 | Spider:2 | Killed Frances
 42927 | Spider:2 | Reached skill level 16 in Fire Magic
 44637 | Spider:3 | Noticed Donald
 44640 | Spider:3 | Killed Donald
 44921 | Spider:4 | Entered Level 4 of the Spider Nest
 46478 | Spider:4 | Reached skill level 17 in Fire Magic
 46715 | Spider:4 | HP: 35/149 [poisoned by an emperor scorpion]
 46784 | Spider:4 | Reached skill level 18 in Conjurations
 47029 | Spider:4 | Got a gossamer rune of Zot
 47403 | Vaults:1 | Entered Level 1 of the Vaults
 47403 | Vaults:1 | Found Rynawk's Book Emporium.
 47615 | Vaults:1 | Found Rubuv's Book Boutique.
 47638 | Vaults:1 | Bought a book of Fire for 715 gold pieces
 47653 | Vaults:1 | Learned a level 8 spell: Ignition
 47680 | Vaults:1 | Found a shattered altar of Ashenzari.
 47840 | Vaults:1 | Found Baloigh's Antique Armour Emporium.
 47858 | Vaults:1 | Reached XP level 19. HP: 128/156 MP: 10/38
 47928 | Vaults:1 | Found a ruined gateway.
 48020 | Desolati | Entered the Desolation of Salt
 48187 | Desolati | Reached skill level 18 in Fire Magic
 48844 | Desolati | Got an ivory battleaxe {holy}
 48952 | Desolati | Got a polished scythe
 48959 | Desolati | Identified the Grimoire of Shifting Snow
 49180 | Desolati | Identified the Grimoire of Stolen Souls and Poison
 49458 | Vaults:1 | Reached skill level 19 in Fire Magic
 49825 | Vaults:1 | Found Byczoock's General Store.
 49828 | Vaults:1 | Found Wusesh's General Store.
 49833 | Vaults:1 | Bought a potion of heal wounds for 65 gold pieces
 49833 | Vaults:1 | Bought a scroll of enchant armour for 97 gold pieces
 50817 | Vaults:2 | Noticed Jory
 50824 | Vaults:2 | Killed Jory
 50824 | Vaults:2 | Reached skill level 19 in Conjurations
 51917 | Vaults:2 | Noticed Sojobo
 51921 | Vaults:2 | Killed Sojobo
 51921 | Vaults:2 | Reached XP level 20. HP: 141/163 MP: 26/39
 52172 | Vaults:2 | Noticed Asterion
 52174 | Vaults:2 | Killed Asterion
 52407 | Vaults:2 | Noticed a bone dragon
 52472 | Vaults:2 | Killed a bone dragon
 52472 | Vaults:2 | Reached skill level 20 in Fire Magic
 53054 | Vaults:2 | Found Puuvvat's Book Shoppe.
 53246 | Vaults:2 | Found a staircase to the Crypt.
 53924 | Vaults:3 | Noticed Margery
 53966 | Vaults:3 | Killed Margery
 54535 | Vaults:3 | Reached skill level 21 in Fire Magic
 54634 | Vaults:3 | HP: 40/163 [yaktaur captain/bolt (20)]
 55660 | Vaults:3 | Reached skill level 20 in Conjurations
 55967 | Vaults:3 | Reached XP level 21. HP: 169/169 MP: 22/40
 57167 | Vaults:1 | Bought a pair of bloodstained gloves for 313 gold pieces
 57177 | Vaults:1 | Identified the +0 pair of gloves of Baldness {rN++ MR- Int+8} (You bought it in a shop on level 1 of the Vaults)
 57574 | Vaults:4 | Noticed Boris
 57578 | Vaults:4 | Killed Boris
 58564 | Vaults:4 | Reached skill level 22 in Fire Magic
 59120 | Depths:1 | Entered Level 1 of the Depths
 59229 | Depths:1 | HP: 14/169 [ettin (illusionary)/dire flail (40)]
 59715 | Depths:1 | Reached skill level 16 in Spellcasting
 59946 | Depths:1 | Found a gateway to Hell.
 60244 | Depths:1 | Reached skill level 21 in Conjurations
 60773 | Depths:2 | Reached XP level 22. HP: 168/177 MP: 25/42
 61210 | Depths:2 | Identified Pekuxuomp's Handbook of Boosting Transmigration
 61232 | Depths:2 | Found a deep blue altar of Sif Muna.
 61371 | Depths:2 | Identified the Collected Works on Icy Stolen Souls
 61392 | Depths:2 | Identified the Compendium of Toxic Hexes
 61395 | Depths:2 | Identified the Grimoire of the Gliding Mountains
 61457 | Depths:2 | Identified the Almanac of Confrontation and the Snowflakes
 62790 | Depths:3 | Noticed a golden dragon
 62888 | Depths:3 | Killed a golden dragon
 63222 | Depths:3 | Reached skill level 23 in Fire Magic
 63576 | Depths:3 | Found a one-way gate to the infinite horrors of the Abyss.
 63967 | Depths:3 | Found a one-way gate leading to the halls of Pandemonium.
 64093 | Depths:3 | Found Rownip Xuqo's Gadget Shop.
 64093 | Depths:3 | Found Jyshromec's Jewellery Emporium.
 64094 | Depths:3 | Found Ynem's Jewellery Emporium.
 64272 | Depths:3 | Reached skill level 22 in Conjurations
 64610 | Depths:4 | Found an ancient bone altar of Kikubaaqudgha.
 64878 | Depths:3 | Reached XP level 23. HP: 170/183 MP: 19/43
 66334 | Depths:4 | Reached skill level 17 in Spellcasting
 67066 | Depths:4 | Got a fine short sword {protect}
 67067 | Depths:4 | Identified the cursed +1 short sword of the Hummingbird {protect, rPois rF+ rN+ Int+3} (You took it off a rakshasa on level 4 of the Depths)
 67632 | Depths:4 | Noticed a caustic shrike
 67635 | Depths:4 | Noticed a juggernaut
 67639 | Depths:4 | Killed a juggernaut
 67639 | Depths:4 | Noticed a juggernaut
 68086 | Depths:4 | Reached skill level 24 in Fire Magic
 68911 | Depths:4 | Noticed a caustic shrike
 68913 | Depths:4 | Killed a juggernaut
 68913 | Depths:4 | Reached skill level 23 in Conjurations
 69047 | Depths:4 | Killed a caustic shrike
 69055 | Depths:4 | HP: 32/183 [hell knight/great mace (25)]
 69438 | Depths:4 | Reached skill level 2 in Stealth
 69830 | Depths:4 | Noticed a caustic shrike
 69833 | Depths:4 | Reached skill level 1 in Evocations
 69836 | Depths:4 | Killed a caustic shrike
 69836 | Depths:4 | Reached skill level 11 in Fighting
 69836 | Depths:4 | HP: 45/185 [caustic shrike (10)]
 69837 | Depths:4 | Killed a caustic shrike
 69837 | Depths:4 | Reached skill level 3 in Stealth
 70108 | Depths:4 | Reached XP level 24. HP: 110/193 MP: 8/44
 70392 | Depths:5 | Entered Level 5 of the Depths
 70553 | Depths:5 | Reached skill level 2 in Evocations
 70557 | Depths:5 | Reached skill level 6 in Axes
 70557 | Depths:5 | Reached skill level 4 in Stealth
 70821 | Depths:5 | Found a gateway to a ziggurat.
 70844 | Depths:5 | Noticed Boris
 70857 | Depths:5 | Killed Boris
 70857 | Depths:5 | Reached skill level 5 in Stealth
 71340 | Depths:5 | Reached skill level 12 in Fighting
 71632 | Depths:5 | Reached skill level 10 in Dodging
 71632 | Depths:5 | Reached skill level 3 in Evocations
 71903 | Depths:5 | Reached skill level 6 in Stealth
 72167 | Depths:5 | Found a gate to the Realm of Zot.
 72489 | Slime:1  | Entered Level 1 of the Pits of Slime
 72697 | Slime:1  | Reached skill level 7 in Axes
 72977 | Slime:2  | Reached skill level 4 in Evocations
 73109 | Slime:4  | Reached skill level 7 in Stealth
 73326 | Slime:5  | Entered Level 5 of the Pits of Slime
 73329 | Slime:5  | Reached skill level 13 in Fighting
 73697 | Slime:5  | Gained mutation: Your body sometimes deteriorates upon taking damage. [a shining eye]
 73984 | Slime:5  | Noticed the Royal Jelly
 73988 | Slime:5  | Killed the Royal Jelly
 73988 | Slime:5  | Reached skill level 8 in Stealth
 73988 | Slime:5  | Reached skill level 5 in Evocations
 74418 | Slime:5  | Identified the ring of Ruzihyeg {rF+ MR+} (You found it on level 5 of the Pits of Slime)
 74496 | Slime:5  | Learned a level 6 spell: Shadow Creatures
 74784 | Slime:5  | Reached skill level 1 in Summonings
 74864 | Slime:5  | Reached skill level 8 in Axes
 74872 | Slime:5  | Reached XP level 25. HP: 203/209 MP: 31/44
 74899 | Slime:5  | Reached skill level 2 in Summonings
 75001 | Slime:5  | Got a slimy rune of Zot
 75422 | Zot:1    | Entered Level 1 of the Realm of Zot
 75791 | Vaults:2 | Bought a book of Death for 980 gold pieces
 75794 | Vaults:2 | Learned a level 2 spell: Sublimation of Blood
 76042 | Zot:2    | Reached skill level 3 in Summonings
 76188 | Zot:2    | Reached skill level 14 in Fighting
 76194 | Zot:2    | Reached skill level 11 in Dodging
 76517 | Zot:2    | Reached skill level 4 in Summonings
 76893 | Zot:3    | Reached skill level 5 in Summonings
 76903 | Zot:3    | Reached skill level 6 in Summonings
 76908 | Zot:3    | HP: 49/212 [tentacled monstrosity (7)]
 77210 | Zot:2    | Reached skill level 9 in Axes
 77563 | Zot:2    | Reached skill level 15 in Fighting
 77573 | Zot:2    | Reached skill level 7 in Summonings
 79319 | Zot:3    | Reached skill level 8 in Summonings
 79635 | Zot:5    | Entered Level 5 of the Realm of Zot
 80021 | Zot:5    | Noticed an orb of fire
 80034 | Zot:5    | Gained mutation: You are agile. (Dex +2) [an orb of fire]
 80035 | Zot:5    | Killed an orb of fire
 80035 | Zot:5    | Reached skill level 12 in Dodging
 80045 | Zot:5    | HP: 47/216 [Orb Guardian (13)]
 80047 | Zot:5    | Reached skill level 16 in Fighting
 80049 | Zot:5    | Reached skill level 9 in Summonings
 80052 | Zot:5    | Reached skill level 10 in Axes
 80056 | Zot:5    | Reached XP level 26. HP: 56/224 MP: 13/44
 80063 | Zot:5    | HP: 52/224 [shadow dragon/bolt of negative energy (9)]
 80098 | Zot:5    | Noticed an ancient lich
 80435 | Zot:5    | Killed an ancient lich
 81535 | Zot:5    | Reached skill level 10 in Summonings
 81732 | Zot:5    | HP: 54/227 [black draconian monk/bolt of lightning (29)]
 81733 | Zot:5    | HP: 22/227 [black draconian/bolt of lightning (32)]
 82088 | Zot:5    | Reached skill level 1 in Necromancy
 82244 | Zot:5    | Reached skill level 17 in Fighting
 82371 | Zot:5    | Reached skill level 2 in Necromancy
 82528 | Zot:5    | Noticed an orb of fire
 82534 | Zot:5    | Gained mutation: You are weak. (Str -2) [an orb of fire]
 82535 | Zot:5    | Killed an orb of fire
 82535 | Zot:5    | Reached skill level 11 in Summonings
 82622 | Zot:5    | Reached skill level 11 in Axes
 82632 | Zot:5    | Reached skill level 3 in Necromancy
 82753 | Zot:5    | Noticed an ancient lich
 82756 | Zot:5    | Killed an ancient lich
 82943 | Zot:5    | Noticed an orb of fire
 82949 | Zot:5    | Killed an orb of fire
 82949 | Zot:5    | Reached skill level 4 in Necromancy
 82952 | Zot:5    | HP: 30/232 [Killer Klown (50)]
 82955 | Zot:5    | Slain by a death cob

Vault maps used:
D:1:      shiori_shiawase, st_stairs_14
D:2:      lemuel_round_altar, nrook_loot_triangle
D:3:      first_bread, lemuel_old_faithful
D:4:      kennysheep_little_box, minmay_temple_entry_statues_fountains,
          small_statue_intersection
D:5:      minmay_opposing_rooms, serial_shops, shop, serial_column_ruins,
          column_ruins_hut_pillars, column_ruins_hut, column_ruins_open_large,
          column_ruins_corridor_straight, column_ruins_grid_4
D:6:      kennysheep_mini_moat, minmay_misc_feat_hallway,
          nicolae_ru_the_path_less_chosen, uniq_blork_the_orc, uniq_duvessa,
          uniq_edmund
D:7:      overflow_temple_1_default
D:8:      uniq_maurice
D:9:      lemuel_coloured_pillars_altar, lemuel_crystal_altar,
          lemuel_round_altar, erik_orc_1, the_bakery
D:10:     lemuel_reptile_caves, erik_lair_orcish_takeover, enter_trove_2,
          uniq_nergalle
D:11:     serial_shops, shop, uniq_grum
D:12:     serial_shops, shop, basic_altar
D:13:     hangedman_screamer, uniq_kirke
D:14:     hangedman_vaults_entry_quadrant_bands, roderic_serpentine_path,
          serial_shops, shop, nrook_pool_corridor, okawaru_ov_weapons_minmay,
          uniq_urug
D:15:     hangedman_depths_entry_civil_slaughter, minmay_misc_feat_columns,
          basic_altar, minivault_16
Temple:   nicolae_temple_no_exploring_needed
Lair:1:   st_stairs_3, worms_lemuel, grunt_megastairs_1,
          minmay_lair_oklob_chamber, infiniplex_staircase_pool,
          uniq_prince_ribbit2, uniq_harold
Lair:2:   infiniplex_staircase_pool_2
Lair:3:   wad_woods_minihive, zaba_antful_of_joy
Lair:4:   minmay_swamp_entry_reptiles, spider_nest_entry_webs, special_room,
          nicolae_quartered_pool_little, lemuel_fruit_tree
Lair:5:   slime_altar_1, st_stairs_3
Lair:6:   hangedman_lair_in_review, hangedman_lair_caniforms_friends,
          uniq_nessos
Swamp:1:  nicolae_swamp_trees_clearing, uniq_aizul
Swamp:2:  serial_swamp_ruin, evilmike_swamp_ruin_house_6,
          evilmike_swamp_ruin_rubble_2, swamp_pool4
Swamp:3:  basic_altar, uniq_jorgrun
Swamp:4:  swamp_alternative, swamp_pool3, uniq_bai_suzhen, uniq_mara,
          uniq_louise
Spider:1: spider_trap, spiders_nest_spider_trap
Spider:2: einodemon_crawler_minivault, uniq_frances, uniq_nikola
Spider:3: spider_trap, uniq_donald
Spider:4: spider_rune_water, special_room
Slime:1:  cheibrodos_slime_lost_civilization_7
Slime:2:  cheibrodos_slime_lost_civilization_9
Slime:4:  cheibrodos_slime_lost_civilization_6
Orc:2:    kennysheep_orc_mage_school, guppyfry_library_mini, uniq_azrael,
          uniq_saint_roka
Vaults:1: nicolae_vaults_what_the_h, vaults_room_large_hall, v_misc_9,
          nicolae_vaults_ninety_degrees, ontoclasm_vaults_ring_small,
          hangedman_vaults_corner_blocks, vaults_room_glass_cross, v_misc_22,
          vaults_room_grunt_arrival_checkpoint, grunt_vaults_focal,
          portal_desolation_entry_garden, basic_altar, serial_shops, shop,
          nicolae_shop_crystal, nicolae_shop_stone, shop_statue, shop
Vaults:2: nicolae_vaults_network_s, nicolae_vaults_little_squares_4,
          hangedman_vaults_maws, ontoclasm_vaults_misaligned,
          vaults_dpeg_encased_lava, ontoclasm_vaults_decontamination,
          vaults_room_fours, minmay_crypt_entry_nasty_monster, serial_shops,
          shop_fountains, uniq_sojobo, uniq_asterion, uniq_jory
Vaults:3: v_misc_10, vaults_mumra_hex, v_misc_18,
          ontoclasm_vaults_claustrophobia, nicolae_vaults_quadrants,
          hangedman_vaults_trim, v_misc_12, v_pattern_4,
          ontoclasm_vaults_loading_screen, vaults_room_hallway,
          grunt_vaults_hallway_short, ontoclasm_vaults_loading_screen,
          v_misc_15, uniq_margery
Vaults:4: v_misc_24, nicolae_vaults_little_squares_4, ontoclasm_vaults_shuriken,
          ontoclasm_vaults_chip, nicolae_vaults_stairing_the_circle, v_misc_33,
          vaults_mumra_chevron, st_diamondy, v_misc_4,
          nicolae_vaults_diagonal_hallway_7, vaults_room_fancy_cross,
          nicolae_vaults_little_ls, uniq_boris
Depths:1: pf_hell_entry_tar_spiral, hangedman_abyss_or_decor_lesser_grid,
          minmay_misc_feat_more_columns, serial_bayou_pond_d,
          lemuel_flamethrower_3
Depths:2: evilmike_library_of_no_secrets, grunt_decor_resistance,
          grunt_hell_entry_dis_grunt, serial_bayou_shore_b,
          kennysheep_random_hallway, infiniplex_staircase_pillars_2
Depths:3: minmay_isolated_rectangles_in_corner, grunt_pan_entry_sceptre,
          hell_entry, minmay_crystal_room,
          nicolae_abyss_entry_one_way_or_another, minmay_shop_grove,
          serial_bayou_shore_b
Depths:4: gammafunk_depths_water_palace, abyss_entry, serial_sigils,
          serial_sigils_hangedman_scar, serial_sigils_hangedman_leer,
          grunt_mini_vestibule, lemuel_crystal_altar, due_unseen_surprise
Depths:5: evilmike_zot_entry_hall, enter_ziggurat_f, abyss_entry,
          pf_vacation_house_of_asmodeus, hangedman_decor_slide_cut, uniq_boris
Zot:1:    kennysheep_six_static_rooms
Zot:2:    lemuel_draconian_sentries_small, hangedman_zot_decor_checkerboard,
          basic_stair_grate_trap
Zot:3:    grunt_megastairs_4
Zot:4:    grunt_ministairs_15
Zot:5:    bh_zot_lava_cross

Skill      XL: |  1  2  3  4  5  6  7  8  9 10 11 12 13 14 15 16 17 18 19 20 21 22 23 24 25 26 |
---------------+-------------------------------------------------------------------------------+-----
Conjurations   | 2 3 4 5 6 8 10 11 13 14 15 16 17 18 19 20 21 22 23 | 23.0
Fire Magic     | 4 5 6 8 9 10 11 12 15 17 19 21 22 23 24 | 24.2
Spellcasting   | 3 4 5 6 8 9 10 11 12 13 15 16 17 | 17.3
Earth Magic    | 3 6 |  6.0
Fighting       | 4 7 9 10 11 13 16 17 | 17.8
Axes           | 3 5 8 10 11 | 11.4
Dodging        | 4 6 8 9 10 12 | 12.9
Shields        | 4 5 |  5.7
Stealth        | 3 8 |  8.5
Evocations     | 1 5 |  5.1
Summonings     | 1 9 11 | 11.8
Necromancy     | 4 |  4.0

Action                   |  1- 3 |  4- 6 |  7- 9 | 10-12 | 13-15 | 16-18 | 19-21 | 22-24 | 25-27 || total
-------------------------+-------+-------+-------+-------+-------+-------+-------+-------+-------++-------
Melee: Dagger            |    15 |       |       |       |       |       |       |       |       ||    15
       Halberd           |    16 |    34 |    98 |   372 |    35 |       |       |       |       ||   555
       Tailslap          |     1 |     1 |     9 |    18 |    56 |    43 |     4 |     3 |     9 ||   144
       Broad axe         |       |       |       |       |   492 |   522 |    58 |    58 |    78 ||  1208
       Executioner's axe |       |       |       |       |    10 |       |       |       |       ||    10
 Cast: Flame Tongue      |    57 |    63 |    74 |   386 |   223 |    87 |     2 |     1 |       ||   893
       Conjure Flame     |       |     4 |     5 |    19 |    15 |     3 |       |       |       ||    46
       Sticky Flame      |       |     3 |    20 |    77 |    33 |     2 |       |       |       ||   135
       Fireball          |       |       |     7 |    97 |    85 |    78 |    17 |     6 |     3 ||   293
       Irradiate         |       |       |       |     5 |    64 |    52 |     5 |     2 |     3 ||   131
       Iron Shot         |       |       |       |     2 |   107 |   105 |   144 |   236 |   140 ||   734
       Orb of Destructio |       |       |       |       |    25 |    32 |    17 |    19 |    34 ||   127
       Bolt of Fire      |       |       |       |       |    38 |   352 |   219 |   167 |    50 ||   826
       Fire Storm        |       |       |       |       |       |     7 |    10 |    56 |    29 ||   102
       Ignition          |       |       |       |       |       |     4 |   112 |   102 |    64 ||   282
       Sublimation of Bl |       |       |       |       |       |       |       |       |    23 ||    23
       Shadow Creatures  |       |       |       |       |       |       |       |       |    23 ||    23
Evoke: Wand              |       |     2 |       |    10 |     8 |     2 |     2 |     6 |     6 ||    36
       Staff of energy   |       |       |       |       |       |     8 |    17 |    10 |    18 ||    53
       Phial of floods   |       |       |       |       |       |       |       |     1 |     1 ||     2
       Fan of gales      |       |       |       |       |       |       |       |       |     1 ||     1
  Use: Scroll            |       |     6 |     3 |    14 |    18 |    18 |     5 |    10 |     9 ||    83
       Potion            |       |     1 |       |     5 |     2 |    12 |     3 |     8 |     7 ||    38
 Stab: Sleeping          |     1 |     1 |     2 |     2 |     1 |       |       |       |       ||     7
       Distracted        |       |       |       |     1 |     1 |     1 |       |       |       ||     3
  Eat: Chunk             |     4 |     8 |    15 |    51 |    81 |    62 |    33 |    20 |       ||   274
       Royal jelly       |       |       |       |     4 |     3 |    16 |     3 |     1 |     2 ||    29
       Meat ration       |       |       |       |       |     2 |       |     3 |     5 |     8 ||    18
       Bread ration      |       |       |       |       |       |       |       |     1 |       ||     1
Armor: Skin              |    27 |    30 |    68 |   440 |   578 |   429 |    82 |    97 |    60 ||  1811
Dodge: Dodged            |    45 |    47 |   125 |   446 |   894 |   670 |   152 |   149 |   154 ||  2682
Block: Buckler           |       |       |       |       |   101 |   215 |    54 |    42 |    49 ||   461

Vault maps used:
D:1:      shiori_shiawase, st_stairs_14
D:2:      lemuel_round_altar, nrook_loot_triangle
D:3:      first_bread, lemuel_old_faithful
D:4:      kennysheep_little_box, minmay_temple_entry_statues_fountains,
          small_statue_intersection
D:5:      minmay_opposing_rooms, serial_shops, shop, serial_column_ruins,
          column_ruins_hut_pillars, column_ruins_hut, column_ruins_open_large,
          column_ruins_corridor_straight, column_ruins_grid_4
D:6:      kennysheep_mini_moat, minmay_misc_feat_hallway,
          nicolae_ru_the_path_less_chosen, uniq_blork_the_orc, uniq_duvessa,
          uniq_edmund
D:7:      overflow_temple_1_default
D:8:      uniq_maurice
D:9:      lemuel_coloured_pillars_altar, lemuel_crystal_altar,
          lemuel_round_altar, erik_orc_1, the_bakery
D:10:     lemuel_reptile_caves, erik_lair_orcish_takeover, enter_trove_2,
          uniq_nergalle
D:11:     serial_shops, shop, uniq_grum
D:12:     serial_shops, shop, basic_altar
D:13:     hangedman_screamer, uniq_kirke
D:14:     hangedman_vaults_entry_quadrant_bands, roderic_serpentine_path,
          serial_shops, shop, nrook_pool_corridor, okawaru_ov_weapons_minmay,
          uniq_urug
D:15:     hangedman_depths_entry_civil_slaughter, minmay_misc_feat_columns,
          basic_altar, minivault_16
Temple:   nicolae_temple_no_exploring_needed
Lair:1:   st_stairs_3, worms_lemuel, grunt_megastairs_1,
          minmay_lair_oklob_chamber, infiniplex_staircase_pool,
          uniq_prince_ribbit2, uniq_harold
Lair:2:   infiniplex_staircase_pool_2
Lair:3:   wad_woods_minihive, zaba_antful_of_joy
Lair:4:   minmay_swamp_entry_reptiles, spider_nest_entry_webs, special_room,
          nicolae_quartered_pool_little, lemuel_fruit_tree
Lair:5:   slime_altar_1, st_stairs_3
Lair:6:   hangedman_lair_in_review, hangedman_lair_caniforms_friends,
          uniq_nessos
Swamp:1:  nicolae_swamp_trees_clearing, uniq_aizul
Swamp:2:  serial_swamp_ruin, evilmike_swamp_ruin_house_6,
          evilmike_swamp_ruin_rubble_2, swamp_pool4
Swamp:3:  basic_altar, uniq_jorgrun
Swamp:4:  swamp_alternative, swamp_pool3, uniq_bai_suzhen, uniq_mara,
          uniq_louise
Spider:1: spider_trap, spiders_nest_spider_trap
Spider:2: einodemon_crawler_minivault, uniq_frances, uniq_nikola
Spider:3: spider_trap, uniq_donald
Spider:4: spider_rune_water, special_room
Slime:1:  cheibrodos_slime_lost_civilization_7
Slime:2:  cheibrodos_slime_lost_civilization_9
Slime:4:  cheibrodos_slime_lost_civilization_6
Orc:2:    kennysheep_orc_mage_school, guppyfry_library_mini, uniq_azrael,
          uniq_saint_roka
Vaults:1: nicolae_vaults_what_the_h, vaults_room_large_hall, v_misc_9,
          nicolae_vaults_ninety_degrees, ontoclasm_vaults_ring_small,
          hangedman_vaults_corner_blocks, vaults_room_glass_cross, v_misc_22,
          vaults_room_grunt_arrival_checkpoint, grunt_vaults_focal,
          portal_desolation_entry_garden, basic_altar, serial_shops, shop,
          nicolae_shop_crystal, nicolae_shop_stone, shop_statue, shop
Vaults:2: nicolae_vaults_network_s, nicolae_vaults_little_squares_4,
          hangedman_vaults_maws, ontoclasm_vaults_misaligned,
          vaults_dpeg_encased_lava, ontoclasm_vaults_decontamination,
          vaults_room_fours, minmay_crypt_entry_nasty_monster, serial_shops,
          shop_fountains, uniq_sojobo, uniq_asterion, uniq_jory
Vaults:3: v_misc_10, vaults_mumra_hex, v_misc_18,
          ontoclasm_vaults_claustrophobia, nicolae_vaults_quadrants,
          hangedman_vaults_trim, v_misc_12, v_pattern_4,
          ontoclasm_vaults_loading_screen, vaults_room_hallway,
          grunt_vaults_hallway_short, ontoclasm_vaults_loading_screen,
          v_misc_15, uniq_margery
Vaults:4: v_misc_24, nicolae_vaults_little_squares_4, ontoclasm_vaults_shuriken,
          ontoclasm_vaults_chip, nicolae_vaults_stairing_the_circle, v_misc_33,
          vaults_mumra_chevron, st_diamondy, v_misc_4,
          nicolae_vaults_diagonal_hallway_7, vaults_room_fancy_cross,
          nicolae_vaults_little_ls, uniq_boris
Depths:1: pf_hell_entry_tar_spiral, hangedman_abyss_or_decor_lesser_grid,
          minmay_misc_feat_more_columns, serial_bayou_pond_d,
          lemuel_flamethrower_3
Depths:2: evilmike_library_of_no_secrets, grunt_decor_resistance,
          grunt_hell_entry_dis_grunt, serial_bayou_shore_b,
          kennysheep_random_hallway, infiniplex_staircase_pillars_2
Depths:3: minmay_isolated_rectangles_in_corner, grunt_pan_entry_sceptre,
          hell_entry, minmay_crystal_room,
          nicolae_abyss_entry_one_way_or_another, minmay_shop_grove,
          serial_bayou_shore_b
Depths:4: gammafunk_depths_water_palace, abyss_entry, serial_sigils,
          serial_sigils_hangedman_scar, serial_sigils_hangedman_leer,
          grunt_mini_vestibule, lemuel_crystal_altar, due_unseen_surprise
Depths:5: evilmike_zot_entry_hall, enter_ziggurat_f, abyss_entry,
          pf_vacation_house_of_asmodeus, hangedman_decor_slide_cut, uniq_boris
Zot:1:    kennysheep_six_static_rooms
Zot:2:    lemuel_draconian_sentries_small, hangedman_zot_decor_checkerboard,
          basic_stair_grate_trap
Zot:3:    grunt_megastairs_4
Zot:4:    grunt_ministairs_15
Zot:5:    bh_zot_lava_cross

Table legend:
 A = Turns spent in this place as a percentage of turns spent in the entire game.
 B = Non-inter-level travel turns spent in this place as a percentage of non-inter-level travel turns spent in the entire game.
 C = Inter-level travel turns spent in this place as a percentage of turns spent in this place.
 D = Turns resting spent in this place as a percentage of non-inter-level travel turns spent in this place.
 E = Turns spent auto-exploring this place as a percentage of non-inter-level travel turns spent in this place.
 F = Non-inter-level travel turns spent in this place divided by the number of levels of this place that you've seen.
                   A       B       C       D       E      F
               +-------+-------+-------+-------+-------+----------------------
         Total | 100.0 | 100.0 |   0.5 |   7.4 |   6.5 | 432.9
       Dungeon |  24.4 |  24.4 |   0.8 |   4.2 |   8.3 | 365.7
        Temple |   0.1 |   0.1 |  13.3 |   0.0 |   0.0 |  13.0
          Lair |  18.3 |  18.3 |   0.5 |   7.0 |   4.2 | 685.3
         Swamp |   8.1 |   8.1 |   0.3 |   9.8 |   5.6 | 456.0
   Spider Nest |   5.7 |   5.7 |   0.5 |  11.2 |   8.8 | 321.2
    Slime Pits |   3.0 |   3.0 |   0.6 |  14.9 |   2.2 | 137.0
  Orcish Mines |   4.2 |   4.2 |   0.6 |   2.4 |  10.6 | 467.5
        Vaults |  11.3 |  11.3 |   0.5 |   6.5 |  10.0 | 636.0
        Depths |  13.5 |  13.5 |   0.5 |  10.6 |   7.8 | 609.0
           Zot |   8.4 |   8.4 |   0.1 |   9.2 |   0.7 | 379.8
    Desolation |   3.0 |   3.0 |   0.0 |   5.9 |   0.1 | 682.0
               +-------+-------+-------+-------+-------+----------------------

Table legend:
 A = Kills in this place as a percentage of kills in entire the game.
 B = Kills by you in this place as a percentage of kills by you in the entire game.
 C = Kills by friends in this place as a percentage of kills by friends in the entire game.
 D = Other kills in this place as a percentage of other kills in the entire game.
 E = Experience gained in this place as a percentage of experience gained in the entire game.
 F = Experience gained in this place divided by the number of levels of this place that you have seen.
                   A       B       C       D       E      F
               +-------+-------+-------+-------+-------+----------------------
         Total | 100.0 | 100.0 | 100.0 |  -nan | 100.0 | 28355.2
       Dungeon |  20.0 |  20.2 |   0.0 |  -nan |   5.1 | 5046.3
          Lair |  16.7 |  16.8 |   0.0 |  -nan |   6.2 | 15145.2
         Swamp |   7.2 |   7.3 |   0.0 |  -nan |   6.3 | 23063.0
   Spider Nest |   7.3 |   7.4 |   0.0 |  -nan |   5.4 | 19823.8
    Slime Pits |   4.5 |   4.5 |   0.0 |  -nan |   6.8 | 19947.4
  Orcish Mines |   5.7 |   5.8 |   0.0 |  -nan |   1.6 | 11595.5
        Vaults |  13.7 |  13.8 |   8.7 |  -nan |  17.3 | 63676.2
        Depths |  14.4 |  14.3 |  21.7 |  -nan |  26.3 | 77537.4
           Zot |   7.0 |   6.5 |  69.6 |  -nan |  21.9 | 64566.8
    Desolation |   3.5 |   3.5 |   0.0 |  -nan |   3.3 | 48201.0
               +-------+-------+-------+-------+-------+----------------------
